 Dungeon Crawl Stone Soup version 0.28-a0-1038-g9c4cb8273d (webtiles) character file.

Game seed: 14406802655378414690

983 miscthings the Carver (level 8, 0/58 (59) HPs)
             Began as a Barachi Monk on Dec 8, 2021.
             Slain by a necrophage (3 damage)
             ... on level 4 of the Dungeon.
             The game lasted 00:09:59 (4652 turns).

miscthings the Carver (Barachi Monk)                Turns: 4652, Time: 00:10:00

HP:   0/58 (59)     AC:  6    Str: 14    XL:     8   Next: 17%
MP:   0/8           EV: 11    Int: 11    God:
Gold: 254           SH:  0    Dex: 15    Spells: 6/7 levels left

rFire   . . .      SeeInvis .   a - +0 falchion (protect)
rCold   . . .      Faith    .   (no shield)
rNeg    . . .      Spirit   +   x - +0 ring mail
rPois   .          Reflect  .   (no helmet)
rElec   .          Harm     .   (no cloak)
rCorr   .          Rampage  .   (no gloves)
Will    .....                   e - +0 pair of boots
Stlth   +.........              v - amulet of guardian spirit
HPRegen 0.19/turn               (no ring)
MPRegen 0.11/turn               (no ring)

@: unable to hop, hasted, lightly drained, invisible, very quick
A: amphibious, slowness 1, strong legs 1, +LOS
a: Hop


You were on level 4 of the Dungeon.
You visited 1 branch of the dungeon, and saw 5 of its levels.
You also visited: Sewer.

You collected 254 gold pieces.

Inventory:

Hand Weapons
 a - a +0 falchion of protection (weapon)
 w - a +2 whip of electrocution
Armour
 e - a +0 pair of boots (worn)
 x - a +0 ring mail (worn)
Magical Staves
 c - a staff of conjuration
Jewellery
 v - an amulet of guardian spirit (around neck)
Scrolls
 f - 2 scrolls of brand weapon
 h - a scroll of silence {unknown}
 i - a scroll of vulnerability
 k - 2 scrolls of fear {unknown}
 m - 2 scrolls of identify {@r1}
 n - a scroll of magic mapping {unknown}
 o - 2 scrolls of enchant armour {unknown}
 p - 2 scrolls of acquirement {unknown}
 s - a scroll of blinking {unknown}
 t - 2 scrolls of fog {unknown}
 u - a scroll of teleportation {unknown}
Potions
 d - a potion of invisibility
 g - a potion of mutation
 j - a potion of attraction
 l - 3 potions of brilliance
 q - 2 potions of haste
 r - a potion of magic


   Skills:
 - Level 3.6 Fighting
 + Level 11.5 Long Blades
 - Level 3.2 Dodging
 - Level 1.7 Stealth


You had 6 spell levels left.
You knew the following spells:

 Your Spells              Type           Power      Damage    Failure   Level
a - Slow                  Hex            0%         N/A       58%         1

Your spell library contained the following spells:

 Spells                   Type           Power      Damage    Failure   Level
 Beastly Appendage        Tmut           0%         N/A       58%         1
 Summon Small Mammal      Summ           0%         N/A       58%         1
 Sublimation of Blood     Necr           0%         N/A       73%         2
 Wereblood                Tmut           0%         N/A       73%         2
 Confusing Touch          Hex            0%         N/A       91%         3
 Spider Form              Tmut/Pois      0%         N/A       91%         3
 Petrify                  Tmut/Erth      0%         N/A       100%        4
 Irradiate                Conj/Tmut      0%         3d14      100%        5
 Yara's Violent Unravell  Hex/Tmut       0%         3d3       100%        5


Dungeon Overview and Level Annotations

Branches:
Dungeon (5/15)              Sewer (visited)
 Temple: D:4-7

Altars:
Kikubaaqudgha
Qazlal
Sif Muna
Uskayaw

Shops:
D:3 [   D:4 =


Innate Abilities, Weirdness & Mutations

You are amphibious.
You cover ground slowly.
You can hop short distances.
You have an extended range of vision and can be seen from far away.


Message History

The arrow barely misses you.
The centaur shoots an arrow.
The arrow hits you!
Hop to where?
Press: ? - help, Dir - move target Boing!
The centaur unwields a +0 shortbow.
The centaur wields a +1 whip of freezing.
It glows with a cold blue light!
The centaur drinks a potion.
The centaur goes berserk!
The centaur rages.
The necrophage closely misses you.
The centaur hits you but does no damage.
The centaur kicks you.
The centaur hits you with a +1 whip of freezing!
The centaur freezes you. The centaur completely misses you.
You hear a shout!
There is a stone staircase leading up, spattered with blood here.
The centaur hits you with a +1 whip of freezing!
The centaur freezes you.
* * * LOW HITPOINT WARNING * * *
The centaur kicks you.
* * * LOW HITPOINT WARNING * * *
The centaur closely misses you. The centaur barely misses you.
The necrophage closely misses you.
You climb upwards.
There is a stone staircase leading down here.
Okay, then.
You fade into invisibility!
The centaur barely misses you.
The centaur kicks you but does no damage.
The centaur hits you with a +1 whip of freezing.
* * * LOW HITPOINT WARNING * * *
The centaur freezes you.
* * * LOW HITPOINT WARNING * * *
The centaur barely misses you. The necrophage hits you.
* * * LOW HITPOINT WARNING * * *
You feel drained.
Okay, then.
Okay, then.
You feel yourself speed up. The necrophage hits you.
You die...

###....##.##.#.# ####.###.###
#............#.# #..........#
#.#####.#.####.# #........#.#
#.#.....#.#....#####........#.#
#.........#.###.............#.#
##.#.......#.###.####...####.#.#
.#.#######.#.................#.#
.#.#######.##...........######.#
.#.#.......##.##@###.#.........#
.#.##.#######.##n###.#.##########
.###....#....c.>c....#..........#
.# #..#..............#..#######.#
.######.#.###.##.#......# #.#
........#.....##.######.# #.#
#######.#.###...........#######.#
......#.#.# #.#.................#
........#.###'#########..######.#


You could see a necrophage and a centaur (berserk).

Vanquished Creatures
  A hornet zombie (D:5)
  An ice beast (D:4)
  2 bullfrogs (Sewer)
  A scorpion (D:3)
  A gnoll sergeant (D:4)
  2 hounds (D:4)
  A bullfrog skeleton (D:5)
  2 iguanas (D:5)
  6 orc wizards
  A hound zombie (D:5)
  A hound skeleton (D:5)
  2 gnolls (D:5)
  3 river rats (Sewer)
  9 adders
  An ufetubus (D:5)
  A worm (D:2)
  3 orcs
  17 ball pythons
  9 endoplasms
  2 giant cockroaches
  5 goblins
  7 hobgoblins
  6 jackals
  4 quokkas
  5 bats (D:2)
  2 frilled lizards
  3 kobolds
  26 rats
124 creatures vanquished.

Vanquished Creatures (others)
  A plant (D:3)
1 creature vanquished.

Grand Total: 125 creatures vanquished

Notes
Turn   | Place    | Note
-------+----------+-------------------------------------------
     0 | D:1      | miscthings the Barachi Monk began the quest for the Orb.
     0 | D:1      | Reached XP level 1. HP: 18/18 MP: 1/1
   212 | D:1      | Reached skill level 4 in Long Blades
   234 | D:1      | Found a faded altar of an unknown god.
   242 | D:1      | Reached XP level 2. HP: 17/24 MP: 2/2
   252 | D:1      | Got Plato's Tome of the Escort
   719 | D:2      | Reached XP level 3. HP: 25/29 MP: 3/3
   729 | D:2      | Reached skill level 5 in Long Blades
  1289 | D:2      | Reached XP level 4. HP: 36/36 MP: 4/4
  1439 | D:3      | Noticed a scorpion
  1509 | D:3      | Found a shimmering blue altar of Sif Muna.
  1534 | D:3      | Reached skill level 6 in Long Blades
  1571 | D:3      | Found Kurhiew's Antique Armour Shop.
  1757 | D:4      | Noticed an ice beast
  1789 | D:4      | Killed an ice beast
  1790 | D:4      | Reached skill level 7 in Long Blades
  1790 | D:4      | Reached XP level 5. HP: 41/41 MP: 5/5
  1885 | D:4      | Found Kunah's Jewellery Shoppe.
  1902 | D:4      | Found an ancient bone altar of Kikubaaqudgha.
  1902 | D:4      | Found a stormy altar of Qazlal.
  1906 | D:4      | Found a hide-covered altar of Uskayaw.
  2365 | D:3      | Reached XP level 6. HP: 23/47 MP: 6/6
  2553 | D:3      | Reached skill level 8 in Long Blades
  2905 | D:5      | Entered Level 5 of the Dungeon
  2907 | D:5      | Found a glowing drain.
  2956 | Sewer    | Entered a sewer
  3105 | Sewer    | Reached skill level 9 in Long Blades
  3390 | Sewer    | Reached XP level 7. HP: 43/52 MP: 7/7
  3734 | D:5      | Reached skill level 10 in Long Blades
  4109 | D:5      | Reached skill level 11 in Long Blades
  4109 | D:5      | Reached XP level 8. HP: 38/59 MP: 8/8
  4194 | D:4      | Learned a level 1 spell: Slow
  4649 | D:4      | HP: 2/59 [necrophage (3)]
  4652 | D:4      | Slain by a necrophage

Illustrated notes

Levels and vault maps discovered:
D:1:      dpeg_arrival_pits, layout_rooms, shapermc_ecumenical_altar_rom_forum
D:2:      layout_basic, st_stairs_5, minivault_25, minmay_statues_item
D:3:      layout_basic, mainiacjoe_overflow_boulevard, serial_shops, shop
D:4:      cheibrodos_old_hovel, layout_basic, minitemple, serial_shops,
          nicolae_shop_stone
D:5:      layout_cave_pools, serial_gnoll_camp, gnoll_camp_mini_hut,
          gnoll_camp_medium_02, gnoll_camp_huts_basic, gnoll_camp_mini_hut,
          portal_sewer_entry_d, minmay_a_box_with_orc_wizards_in_it

Skill      XL: |  1  2  3  4  5  6  7 |
---------------+----------------------+-----
Long Blades    | 4 5 7 9 11 | 11.5
Fighting       | |  3.6
Dodging        | |  3.2
Stealth        | |  1.7

Action                   |  1- 3 |  4- 6 |  7- 9 || total
-------------------------+-------+-------+-------++-------
Melee: Falchion          |    97 |   261 |   191 ||   549
 Cast: Slow              |       |       |     3 ||     3
 Abil: Hop               |       |     1 |     2 ||     3
  Use: Scroll            |       |     6 |     1 ||     7
       Potion            |       |     1 |     4 ||     5
 Stab: Sleeping          |     3 |     2 |     1 ||     6
       Invisible         |       |       |     2 ||     2
       Distracted        |       |       |     1 ||     1
Armor: Robe              |    26 |   103 |    46 ||   175
       Ring mail         |       |       |     2 ||     2
Dodge: Dodged            |    75 |   189 |    98 ||   362

Table legend: (Time is in decaauts)
 A = Elapsed time spent in this place.
 B = Non-inter-level travel time spent in this place.
 C = Inter-level travel time spent in this place.
 D = Time resting spent in this place.
 E = Time spent auto-exploring this place.
 F = Levels seen in this place.
 G = Mean time per level.
                   A        B        C        D        E       F      G
               +--------+--------+--------+--------+--------+-----+--------+
         Total |   5021 |   4833 |    188 |   1592 |   1918 |   6 |  836.8 |
       Dungeon |   4308 |   4120 |    188 |   1251 |   1803 |   5 |  861.6 |
         Sewer |    712 |    712 |      0 |    341 |    114 |   1 |  712.0 |
               +--------+--------+--------+--------+--------+-----+--------+

Top non-repeatable levels by time:
     D:4: 1269 daAuts
     D:2: 864 daAuts
     D:3: 821 daAuts
     D:1: 717 daAuts
   Sewer: 712 daAuts
     D:5: 635 daAuts
